 Dungeon Crawl Stone Soup version 0.28-a0-475-g7dc2aef8ca (webtiles) character file.

Game seed: 12803764702996020248

186 Dabor the Skirmisher (level 5, -2/38 (42) HPs)
             Began as a Formicid Abyssal Knight on Sept 16, 2021.
             Was a Follower of Lugonu.
             Slain by a wight (15 damage)
             ... on level 2 of the Dungeon.
             The game lasted 00:04:26 (3791 turns).

Dabor the Skirmisher (Formicid Abyssal Knight)      Turns: 3791, Time: 00:04:27

HP:   -2/38 (42)    AC: 10    Str: 18    XL:     5   Next: 98%
MP:   7/7           EV:  7    Int: 11    God:    Lugonu [*.....]
Gold: 152           SH:  0    Dex: 10    Spells: 4/4 levels left

rFire   . . .      SeeInvis +   a - +2 spear
rCold   . . .      Faith    .   (no shield)
rNeg    . . .      Spirit   .   d - +0 chain mail
rPois   .          Reflect  .   (helmet unavailable)
rElec   .          Harm     .   (no cloak)
rCorr   .          Rampage  .   (no gloves)
Will    .....                   j - +0 pair of boots
Stlth   ..........              (no amulet)
HPRegen 0.12/turn               (no ring)
MPRegen 0.10/turn               (no ring)

@: drained
A: permanent stasis, dig shafts and tunnels, antennae 3, four strong arms
a: Dig, Shaft Self, Renounce Religion, Depart the Abyss


You were on level 2 of the Dungeon.
You worshipped Lugonu.
Lugonu was aware of your devotion.
You visited 1 branch of the dungeon, and saw 4 of its levels.
You visited the Abyss 1 time.

You collected 152 gold pieces.

Inventory:

Hand Weapons
 a - a +2 spear (weapon)
Missiles
 f - 5 datura-tipped darts
Armour
 d - a +0 chain mail (worn)
 g - a +2 robe of willpower
 j - a +0 pair of boots (worn)
Scrolls
 b - a scroll of teleportation
Potions
 c - a potion of attraction {unknown}
 e - 2 potions of berserk rage {unknown}
 h - 4 potions of heal wounds {unknown}
 i - 3 potions of curing {unknown}
 l - a potion of might {unknown}


   Skills:
 + Level 4.2 Fighting
 + Level 3.0 Polearms
 + Level 3.3 Armour
 + Level 2.2 Dodging
 + Level 3.5 Invocations


You had 4 spell levels left.
You didn't know any spells.
Your spell library was empty.

Dungeon Overview and Level Annotations

Branches:
Dungeon (4/15)
 Temple: D:4-7

Altars:


Innate Abilities, Weirdness & Mutations

You cannot be hasted, slowed, berserked, paralysed or teleported.
You can dig through walls and to a lower floor.
You have a pair of large antennae on your head. (SInv)
Your four strong arms can wield two-handed weapons with a shield.


Message History

You closely miss the wight.
The wight is severely damaged.
The wight hits you with a +4 great sword!
* * * LOW HITPOINT WARNING * * *
You feel drained.
* * * LOW HITPOINT WARNING * * *
You see here a +0 whip.
There is a stone staircase leading up here.
There is a stone staircase leading up here.
You see here a +0 whip.
There is a stone staircase leading up here.
There is a stone staircase leading up here.
You see here a +0 whip.
You see here a +0 whip.
The wight barely misses you.
There is a stone staircase leading up here.
There is a stone staircase leading up here.
You climb upwards.
There is a stone staircase leading down here.
You start resting.
You can no longer bend space around yourself.
You start resting.
HP restored.
You climb downwards.
The wight barely misses you.
The wight hits you with a +4 great sword!
There is a stone staircase leading up here.
You hit the wight.
The wight is lightly damaged.
The wight hits you with a +4 great sword!
You are too injured to fight recklessly!
You are too injured to fight recklessly!
The wight closely misses you.
You climb upwards.
There is a stone staircase leading down here.
Items here: )) รทรท.
You open the door. The wight barely misses you.
There is an open door here.
The wight hits you with a +4 great sword!
The wight hits you with a +4 great sword!
You die...

#### ###.#..## #.# #########.#.#
#.# #.....)..##.# #.#
#.######.##'## ##.## .....#
#.#...## #...## #.##.# #......##
#.#..# #.##.###.......##
#....######
.....##........z####.........####
................@.........)......
...####.........####....##.#.####
#.## ##.......## #....##.#.# ##
### ##.....## #.#...#.#.# #.
##...## #.#.#.#.#.# #. ##'##
#.#.#.#.#.# #. #.# #.........# #.
#.# ###.....### ## ## ##.##
###.###


You could see a wight.

Vanquished Creatures
  Jessica (D:2)
  An orc wizard (D:3)
  3 adders
  4 gnolls
  A worm (D:2)
  4 dart slugs
  6 orcs (D:3)
  5 ball pythons (D:2)
  6 endoplasms
  3 giant cockroaches
  A goblin (D:3)
  5 hobgoblins
  3 jackals (D:3)
  3 quokkas
  A bat (D:2)
  2 frilled lizards
  3 kobolds
  5 rats
57 creatures vanquished.

Notes
Turn   | Place    | Note
-------+----------+-------------------------------------------
     0 | Abyss:1  | Dabor the Formicid Abyssal Knight began the quest for the
                  | Orb.
     0 | Abyss:1  | Reached XP level 1. HP: 18/18 MP: 2/2
    29 | Abyss:1  | Noticed a crimson imp
    47 | Abyss:1  | Noticed a ynoxinul
    50 | D:1      | Escaped the Abyss
   165 | D:1      | Reached skill level 1 in Dodging
   396 | D:1      | Reached XP level 2. HP: 21/24 MP: 3/3
   663 | D:1      | Reached * piety under Lugonu
   927 | D:1      | Reached XP level 3. HP: 27/29 MP: 4/4
  1468 | D:2      | Noticed Jessica
  1475 | D:2      | Killed Jessica
  1476 | D:2      | Reached XP level 4. HP: 37/37 MP: 6/6
  2136 | D:2      | Reached XP level 5. HP: 34/42 MP: 7/7
  2149 | D:3      | Reached skill level 4 in Fighting
  2312 | D:3      | Reached ** piety under Lugonu
  2849 | D:3      | Found a faded altar of an unknown god.
  3791 | D:2      | Slain by a wight

Illustrated notes

Levels and vault maps discovered:
D:1:      psy_arrival_terrarium, layout_loops_ring, glass_columns_b,
          chequers_serial_rivers_micro_e
D:2:      layout_loops_corners, uniq_jessica
D:3:      layout_loops_ring, dreamdust_ecumenical_altar_grove,
          roderic_serpentine_path
D:4:      layout_cave_pools, lemuel_coloured_pillars_altar, uniq_natasha

Skill      XL: |  1  2  3  4  5 |
---------------+----------------+-----
Dodging        | 1 2 |  2.2
Invocations    | 3 |  3.5
Armour         | 3 |  3.3
Fighting       | 4 |  4.2
Polearms       | 3 |  3.0

Action                   |  1- 3 |  4- 6 || total
-------------------------+-------+-------++-------
Melee: Spear             |    95 |   134 ||   229
Invok: Depart the Abyss  |     1 |       ||     1
  Use: Scroll            |       |     5 ||     5
Armor: Ring mail         |    17 |     7 ||    24
       Chain mail        |       |    37 ||    37
Dodge: Dodged            |    34 |    58 ||    92

Table legend: (Time is in decaauts)
 A = Elapsed time spent in this place.
 B = Non-inter-level travel time spent in this place.
 C = Inter-level travel time spent in this place.
 D = Time resting spent in this place.
 E = Time spent auto-exploring this place.
 F = Levels seen in this place.
 G = Mean time per level.
                   A        B        C        D        E       F      G
               +--------+--------+--------+--------+--------+-----+--------+
         Total |   3788 |   3610 |    178 |    418 |   2522 |   5 |  757.6 |
       Dungeon |   3738 |   3560 |    178 |    418 |   2522 |   4 |  934.5 |
         Abyss |     50 |     50 |      0 |      0 |      0 |   1 |   50.0 |
               +--------+--------+--------+--------+--------+-----+--------+

Top non-repeatable levels by time:
     D:3: 1436 daAuts
     D:1: 1202 daAuts
     D:2: 1094 daAuts
 Abyss:1: 50 daAuts
     D:4: 4 daAuts
